 Dungeon Crawl Stone Soup version 0.31-a0-216-g22e908daa7 (webtiles) character file.

Game seed: 1412784597839553669

65 qw the Shooter (level 3, -2/29 HPs)
             Began as a Minotaur Hexslinger on July 2, 2023.
             Slain by Terence
             ... wielding a +2 short sword of holy wrath
              (4 damage)
             ... on level 2 of the Dungeon.
             The game lasted 00:00:22 (848 turns).

qw the Shooter (Minotaur Hexslinger)                 Turns: 848, Time: 00:00:24

Health: -2/29      AC:  3    Str: 12    XL:     3   Next: 92%
Magic:  3/3        EV: 12    Int: 10    God:
Gold:   66         SH:  0    Dex: 14    Spells: 3/4 levels left

rFire   . . .        Y - +1 sling
rCold   . . .        (no shield)
rNeg    . . .        h - +0 leather armour
rPois   .            (helmet restricted)
rElec   .            (no cloak)
rCorr   .            (no gloves)
SInv    .            (no boots)
Will    .....        (no amulet)
Stlth   +            (no ring)
HPRegen 0.24/turn    (no ring)
MPRegen 0.08/turn

%: no passive effects
@: no status effects
A: horns 2, retaliatory headbutt
a: no special abilities


You were on level 2 of the Dungeon.
You visited 1 branch of the dungeon, and saw 2 of its levels.

You collected 66 gold pieces.


Innate Abilities, Weirdness & Mutations

You have a pair of horns on your head.
You reflexively headbutt those who attack you in melee.


   Skills:
 - Level 2.0 Fighting
 + Level 4.4 Ranged Weapons
 - Level 2.1 Dodging
 - Level 1.0 Spellcasting
 - Level 2.0 Hexes


You had 3 spell levels left.
You knew the following spells:

 Your Spells              Type           Power      Damage    Failure   Level
a - Slow                  Hex            16%        N/A       19%         1

Your spell library contained the following spells:

 Spells                   Type           Power      Damage    Failure   Level
 Inner Flame              Hex/Fire       2%         N/A       65%         3
 Portal Projectile        Hex/Tloc       4%         N/A       65%         3
 Cause Fear               Hex            2%         N/A       88%         4

Inventory:

Hand Weapons
 Y - a +1 sling (weapon)
Armour
 h - a +0 leather armour (worn)
Scrolls
 a - a scroll of identify
Potions
 b - a potion of curing {unknown}

Dungeon Overview and Level Annotations

Branches:
Dungeon (2/15)

Altars:

Annotations:
D:2 Terence


Message History

You now have 60 gold pieces (gained 9).
Found 5 poisoned darts.
Enter note:
Enter note: You now have 66 gold pieces (gained 6).
You see here 5 poisoned darts.
Found 6 stones.
Enter note:
Enter note: Terence the Incautious comes into view.
He is wielding a +2 short sword of holy wrath and wearing a +2 scale mail of poison resistance.
Terence shouts!
Enter note:
Enter note: You shoot a sling bullet.
The sling bullet hits Terence but does no damage.
You see here 6 stones.
Enter note:
Enter note: You shoot a sling bullet.
The sling bullet barely misses Terence.
Terence hits you with a +2 short sword of holy wrath!
You shoot a sling bullet.
The sling bullet hits Terence but does no damage.
Terence hits you with a +2 short sword of holy wrath!
Terence closely misses you.
You shoot a sling bullet. The sling bullet barely misses Terence.
Terence hits you with a +2 short sword of holy wrath.
You shoot a sling bullet. The sling bullet barely misses Terence.
Terence barely misses you.
You shoot a sling bullet. The sling bullet barely misses Terence.
Terence closely misses you.
You shoot a sling bullet.
The sling bullet hits Terence but does no damage.
Terence hits you with a +2 short sword of holy wrath. x2
You shoot a sling bullet.
The sling bullet closely misses Terence.
Terence barely misses you.
You shoot a sling bullet. The sling bullet hits Terence.
Terence is moderately wounded.
Terence hits you with a +2 short sword of holy wrath.
You die...

# ##.## ##.#.##
#.## ###.###.##
...# ...## ##.#
#..#
###.###.#######..#
#..#...........###
#.#..............
###.##.#########@#
................@#
.###.#.########..#
.# #.#.# #..# .#
#.#.# #..# .#
#.#.# #..# .#
#.#.. .... .#
#.#.# #..## .#
#.#.# #..# %# #.#
#


You could see Terence.

Vanquished Creatures
  Natasha (D:1)
  3 ball pythons
  3 endoplasms (D:1)
  2 giant cockroaches (D:1)
  7 goblins
  3 hobgoblins (D:1)
  4 jackals (D:1)
  A quokka (D:1)
  2 bats
  A frilled lizard (D:2)
  5 kobolds (D:1)
  3 rats (D:1)
35 creatures vanquished.

Notes
Turn   | Place    | Note
-------+----------+-------------------------------------------
     0 | D:1      | qw the Minotaur Hexslinger began the quest for the Orb.
     0 | D:1      | Reached XP level 1. HP: 16/16 MP: 1/1
     0 | D:1      | 0 ||| qw: Version: 0.3-a-35-g05ef00e
     0 | D:1      | 0 ||| qw: Game counter: 7820
     0 | D:1      | 0 ||| qw: Melee chars always use a shield: true
     0 | D:1      | 0 ||| qw: God list: Okawaru
     0 | D:1      | 0 ||| qw: Allow faded altars: false
     0 | D:1      | 0 ||| qw: Do Orc after clearing Dungeon:15 true
     0 | D:1      | 0 ||| qw: Do second Lair branch before Depths: true
     0 | D:1      | 0 ||| qw: Lair rune preference: random
     0 | D:1      | 0 ||| qw: Goals: Normal
     0 | D:1      | 0 ||| PLANNING D:1-11
    55 | D:1      | Reached skill level 3 in Ranged Weapons
    55 | D:1      | Reached XP level 2. HP: 22/23 MP: 2/2
   303 | D:1      | Reached XP level 3. HP: 21/29 MP: 3/3
   542 | D:1      | 542 ||| UPGRADING to +0 leather armour.
   552 | D:1      | 552 ||| DROPPING +0 robe.
   553 | D:1      | 553 ||| DROPPING +6 ring of intelligence.
   554 | D:1      | 554 ||| READING 2 scrolls labelled ZIPEAK AMUIHOUNYRPH.
   555 | D:1      | 555 ||| READING scroll labelled HAWNOMN FOAMI.
   556 | D:1      | 556 ||| READING scroll labelled EMOETTAXUDD.
   557 | D:1      | 557 ||| DRINKING 2 fizzy white potions.
   558 | D:1      | 558 ||| DROPPING scroll of poison.
   589 | D:2      | 589 ||| STAIRDANCE
   715 | D:2      | 715 ||| FLEEEEING.
   716 | D:2      | 716 ||| FLEEEEING.
   716 | D:2      | Noticed Natasha
   717 | D:2      | 717 ||| FLEEEEING.
   718 | D:2      | 718 ||| STAIRDANCE
   724 | D:2      | 724 ||| STAIRDANCE
   731 | D:1      | HP: 3/29 [Natasha/magic dart (9)]
   732 | D:1      | 732 ||| DRINKING potion of heal wounds.
   735 | D:1      | Killed Natasha
   736 | D:1      | Reached skill level 4 in Ranged Weapons
   838 | D:2      | Noticed Terence
   843 | D:2      | HP: 7/29 [Terence/+2 short sword of holy wrath (6)]
   846 | D:2      | HP: 2/29 [Terence/+2 short sword of holy wrath (3)]
   848 | D:2      | Slain by Terence

Levels and vault maps discovered:
D:1:      spicycebolla_arrival_ecumenical, layout_rooms
D:2:      layout_loops_ring, uniq_robin, uniq_jessica, uniq_natasha,
          uniq_terence

Skill      XL: |  1  2  3 |
---------------+----------+-----
Ranged Weapons | 3 4 |  4.4
Fighting       | 2 |  2.0
Dodging        | |  2.1
Spellcasting   | |  1.0
Hexes          | |  2.0

Action                     || total
---------------------------++-------
   Fire: Sling             ||    94
    Use: Scroll            ||     3
         Potion            ||     2
 Armour: Robe              ||     7
         Leather armour    ||     3
  Dodge: Dodged            ||    36

Table legend:
 A = Non-vault XP
 B = Vault XP
 C = Vault XP percentage of total XP
 D = Non-vault monster count
 E = Vault monster count
 F = Vault count percentage of total count
                 A         B        C        D         E       F
            +---------+---------+-------+---------+---------+-------
      Total |      58 |      35 |  37.6 |      34 |       1 |   2.9
            +---------+---------+-------+---------+---------+-------
        D:1 |      53 |      35 |  39.8 |      30 |       1 |   3.2
        D:2 |       5 |       0 |   0.0 |       4 |       0 |   0.0
            +---------+---------+-------+---------+---------+-------
